 Dungeon Crawl Stone Soup version 0.28-a0-697-g47f3eba078 (webtiles) character file.

Game seed: 9772849764307413370

255 jasper the Cudgeller (level 5, -4/38 HPs)
             Began as a Demonspawn Artificer on Oct 23, 2021.
             Killed by nerve-wracking pain
             ... invoked by an orc priest
              (11 damage)
             ... on level 3 of the Dungeon.
             The game lasted 00:04:23 (3478 turns).

jasper the Cudgeller (Demonspawn Artificer)         Turns: 3478, Time: 00:04:24

Health: -4/38      AC:  5    Str: 13    XL:     5   Next: 91%
Magic:  5/5        EV: 11    Int: 12    God:
Gold:   98         SH:  4    Dex: 14    Spells: 2/4 levels left

rFire   . . .      SeeInvis .   o - +3 mace (venom)
rCold   . . .      Faith    .   (no shield)
rNeg    . . .      Spirit   .   b - +0 leather armour
rPois   .          Reflect  .   q - +0 helmet
rElec   .          Harm     .   u - +0 cloak
rCorr   .          Rampage  .   (no gloves)
Will    .....                   (no boots)
Stlth   +.........              (no amulet)
HPRegen 0.12/turn               (no ring)
MPRegen 0.09/turn               (no ring)

@: mighty
A: powered by pain 1, condensation shield
a: no special abilities


You were on level 3 of the Dungeon.
You visited 1 branch of the dungeon, and saw 3 of its levels.

You collected 98 gold pieces.

Inventory:

Hand Weapons
 a - a +0 club
 f - a +0 whip
 h - a +0 mace
 j - a +0 hunting sling
 o - a +3 mace of venom (weapon)
 r - a +1 whip of distortion
Missiles
 g - 89 stones (quivered)
Armour
 b - a +0 leather armour (worn)
 q - a +0 helmet (worn)
 u - a +0 cloak (worn)
 v - a +0 chain mail
Wands
 c - a wand of flame (9)
 d - a wand of charming (15)
Scrolls
 k - a scroll of teleportation
 l - a scroll of identify {unknown}
Potions
 t - a potion of attraction {unknown}
 w - a potion of heal wounds {unknown}
Miscellaneous
 e - a piece from Xom's chessboard (15/15)


   Skills:
 - Level 2.0 Fighting
 * Level 4.4 Maces & Flails
 - Level 2.3 Armour
 - Level 1.6 Dodging
 - Level 0.8 Stealth
 - Level 3.0 Evocations


You had 2 spell levels left.
You knew the following spells:

 Your Spells              Type           Power      Damage    Failure   Level
a - Wereblood             Tmut           0%         N/A       54%         2

Your spell library contained the following spells:

 Spells                   Type           Power      Damage    Failure   Level
 Beastly Appendage        Tmut           0%         N/A       38%         1
 Spider Form              Tmut/Pois      0%         N/A       77%         3


Dungeon Overview and Level Annotations

Branches:
Dungeon (3/15)

Altars:
Qazlal


Innate Abilities, Weirdness & Mutations

You sometimes gain a little power by taking damage.
A meltable shield of frost defends you. (SH +4)


Message History

You feel very mighty all of a sudden.
The orc wizard hits you with a +0 dagger.
The orc priest moves out of view.
You take 11 damage, and have 19/38 hp.
MASSIVE DAMAGE!!
You sock the orc wizard!
You kill the orc wizard!
Your Maces & Flails skill increases to level 4!
The orc priest hits you with a +0 flail.
Things that are here:
a +0 club; a +0 leather armour; an orc corpse You take 3 damage, and have 16/38 hp.
You hit the orc priest.
The orc priest is poisoned.
The orc priest is heavily wounded.
The orc priest closely misses you.
The orc priest hits you with a +0 flail!
* * * LOW HITPOINT WARNING * * *
You take 8 damage, and have 8/38 hp.
MASSIVE DAMAGE!!
You thump the orc priest!
You kill the orc priest!
The orc priest closely misses you.
Things that are here:
a +0 club; a +0 leather armour; an orc corpse You hit the orc priest.
The orc priest is poisoned.
The orc priest is moderately wounded.
The orc priest hits you but does no damage.
You barely miss the orc priest.
The orc priest is moderately wounded.
The orc priest mumbles some strange prayers to Beogh against you.
You barely resist. You barely miss the orc priest.
The orc priest is heavily wounded.
The orc priest mumbles some strange prayers to Beogh against you.
You barely resist. You closely miss the orc priest.
The orc priest is heavily wounded.
The orc priest hits you with a +0 club.
* * * LOW HITPOINT WARNING * * *
The orc priest invokes the aid of Beogh against you.
Pain shoots through your body!
You die...

.##..# #.###.####
((.#..####### ##...)....
#.....o....# #...####.
...o..#####)# #...# #.
####..#####.###########.
....##..).....#####...
## #.##.##.##......#.#.
#.##.##.#.....#.#(..
#)o@)...#...........
##.#.#.##...........
#.#.#.###....#.##.#
#.#...# #......##.#
#.##.. #.......#.# #.#
..# #.......#.. #.. ..#
#.......### ### .##
#.......# #.......#


You could see an orc priest (very poisoned).

Vanquished Creatures
  2 orc priests (D:3)
  Crazy Yiuf (D:2)
  Jessica (D:3)
  Terence (D:2)
  An orc wizard (D:3)
  Robin (D:2)
  2 adders (D:2)
  3 dart slugs (D:1)
  3 orcs (D:3)
  2 ball pythons
  2 bats (D:1)
  3 endoplasms
  11 goblins
  7 hobgoblins
  4 quokkas
  6 frilled lizards
  9 kobolds
  A rat (D:1)
60 creatures vanquished.

Notes
Turn   | Place    | Note
-------+----------+-------------------------------------------
     0 | D:1      | jasper the Demonspawn Artificer began the quest for the
                  | Orb.
     0 | D:1      | Reached XP level 1. HP: 15/15 MP: 1/1
   145 | D:1      | Reached skill level 1 in Dodging
   295 | D:1      | Gained mutation: A meltable shield of frost defends you.
                  | (SH +4) [demonic ancestry]
   295 | D:1      | Reached XP level 2. HP: 21/21 MP: 2/2
  1146 | D:1      | Reached XP level 3. HP: 21/27 MP: 3/3
  1689 | D:1      | Learned a level 2 spell: Wereblood
  1947 | D:2      | Found a faded altar of an unknown god.
  2124 | D:2      | Noticed Robin
  2142 | D:2      | Killed Robin
  2143 | D:2      | Reached skill level 1 in Maces & Flails
  2350 | D:2      | Found a stormy altar of Qazlal.
  2430 | D:2      | Reached skill level 2 in Maces & Flails
  2430 | D:2      | Gained mutation: You sometimes gain a little power by
                  | taking damage. [demonic ancestry]
  2430 | D:2      | Reached XP level 4. HP: 33/33 MP: 4/4
  2651 | D:2      | Found a runed translucent door.
  2652 | D:2      | Noticed Crazy Yiuf
  2845 | D:2      | Killed Crazy Yiuf
  2938 | D:3      | Noticed Terence
  2964 | D:2      | Killed Terence
  2965 | D:2      | Reached skill level 3 in Maces & Flails
  2965 | D:2      | Reached XP level 5. HP: 27/38 MP: 5/5
  3191 | D:3      | Noticed Jessica
  3203 | D:3      | Killed Jessica
  3469 | D:3      | Reached skill level 4 in Maces & Flails
  3478 | D:3      | Killed from afar by an orc priest

Illustrated notes

Levels and vault maps discovered:
D:1:      dpeg_arrival_water_fire, layout_loops_corners, serial_rivers,
          chequers_serial_rivers_micro_c, chequers_serial_rivers_small_a,
          chequers_serial_rivers_large_a, chequers_serial_rivers_micro_a,
          chequers_serial_rivers_small_b, minmay_three_crescents
D:2:      layout_loops_corners, hellmonk_ecumenical_altar_heavens_door,
          basic_altar, minmay_liquid_box, uniq_robin, uniq_crazy_yiuf_cottage
D:3:      layout_loops_cross, serial_shops, nicolae_shop_crystal,
          serial_park_tiny_1, grunt_ministairs_3, uniq_grinder, uniq_jessica,
          uniq_terence

Skill      XL: |  1  2  3  4  5 |
---------------+----------------+-----
Dodging        | 1 |  1.6
Armour         | 2 |  2.3
Fighting       | 2 |  2.0
Maces & Flails | 2 3 4 |  4.4
Stealth        | |  0.8
Evocations     | |  3.0

Action                   |  1- 3 |  4- 6 || total
-------------------------+-------+-------++-------
Melee: Whip              |     7 |       ||     7
       Mace              |    89 |    41 ||   130
Throw: Stone             |    29 |     5 ||    34
Evoke: Wand              |     6 |       ||     6
  Use: Scroll            |     3 |       ||     3
       Potion            |       |     5 ||     5
 Stab: Sleeping          |       |     1 ||     1
Armor: Leather armour    |    26 |    10 ||    36
Dodge: Dodged            |    65 |    21 ||    86
Block: Other             |    14 |     8 ||    22

Table legend: (Time is in decaauts)
 A = Elapsed time spent in this place.
 B = Non-inter-level travel time spent in this place.
 C = Inter-level travel time spent in this place.
 D = Time resting spent in this place.
 E = Time spent auto-exploring this place.
 F = Levels seen in this place.
 G = Mean time per level.
                   A        B        C        D        E       F      G
               +--------+--------+--------+--------+--------+-----+--------+
         Total |   3554 |   3458 |     96 |    204 |   2729 |   3 | 1184.7 |
       Dungeon |   3554 |   3458 |     96 |    204 |   2729 |   3 | 1184.7 |
               +--------+--------+--------+--------+--------+-----+--------+

Top non-repeatable levels by time:
     D:1: 1773 daAuts
     D:2: 1265 daAuts
     D:3: 516 daAuts
